 Dungeon Crawl Stone Soup version 0.30.0-16-gbe6223bb7e (webtiles) character file.

Game seed: 16485597192535525658

225 NotreDorf the Poker (level 6, 0/50 HPs)
             Began as a Merfolk Berserker on May 20, 2023.
             Was a Believer of Trog.
             Slain by an iguana (4 damage)
             ... on level 4 of the Dungeon.
             The game lasted 00:04:51 (1757 turns).

NotreDorf the Poker (Merfolk Berserker)             Turns: 1757, Time: 00:04:51

Health: 0/50       AC:  5    Str: 20    XL:     6   Next: 1%
Magic:  6/6        EV: 14    Int:  6    God:    Trog [**....]
Gold:   137        SH:  0    Dex: 13    Spells: 5/5 levels left

rFire   . . .        a - +0 spear
rCold   . . .        (no shield)
rNeg    . . .        n - +2 robe
rPois   .            (no helmet)
rElec   .            f - +0 cloak
rCorr   .            (no gloves)
SInv    .            (no boots)
Will    .....        (no amulet)
Stlth   +            (no ring)
HPRegen 0.28/turn    (no ring)
MPRegen 0.10/turn

%: no passive effects
@: no status effects
A: (nimble swimmer 2), mertail
a: Renounce Religion, Berserk, Trog's Hand


You were on level 4 of the Dungeon.
You worshipped Trog.
Trog was pleased with you.
You visited 1 branch of the dungeon, and saw 4 of its levels.

You collected 137 gold pieces.

Inventory:

Hand Weapons
 a - a +0 spear (weapon)
Missiles
 j - 17 stones (quivered)
Armour
 f - a +0 cloak (worn)
 n - a +2 robe (worn)
Scrolls
 c - a scroll of fear {unknown}
 d - 4 scrolls of identify {unknown}
 e - 3 scrolls of teleportation {unknown}
 l - a scroll of immolation {unknown}
 m - a scroll of enchant armour {unknown}
 o - a scroll of silence {unknown}
 q - 2 scrolls of fog {unknown}
Potions
 b - a potion of mutation {unknown}
 g - a potion of curing {unknown}
 h - a potion of flight {unknown}
 i - a potion of might {unknown}
 k - a potion of brilliance {unknown}
 p - a potion of ambrosia {unknown}


   Skills:
 + Level 4.8 Fighting
 + Level 5.9 Polearms
 - Level 1.3 Armour
 + Level 5.1 Dodging


You had 5 spell levels left.
You didn't know any spells.
Your spell library was empty.

Dungeon Overview and Level Annotations

Branches:
Dungeon (4/15)
 Temple: D:4-7

Altars:
Xom
Zin

Shops:
D:2 [


Innate Abilities, Weirdness & Mutations

((You are very nimble when in or above water. (Stealth+, EV+, Speed+++)))
Your lower body shifts to a powerful aquatic tail in water.


Message History

The iguana is lightly wounded.
The iguana closely misses you. The hobgoblin closely misses you.
The hobgoblin attacks as you move away! The hobgoblin barely misses you.
The iguana attacks as you move away! The iguana misses you.
The hobgoblin closely misses you. The iguana attacks as you move away!
The iguana bites you. The iguana attacks as you move away!
The iguana bites you!
There is a stone staircase leading down here.
You hit the iguana.
The iguana is moderately wounded.
The iguana closely misses you.
You hit the iguana but do no damage.
The iguana is moderately wounded.
The iguana bites you!
You hit the iguana but do no damage.
The iguana is moderately wounded.
The iguana hisses menacingly.
The iguana barely misses you.
You closely miss the iguana.
The iguana is moderately wounded.
You hit the iguana.
The iguana is heavily wounded.
The iguana bites you!
* * * LOW HITPOINT WARNING * * *
You hit the iguana.
The iguana is severely wounded.
The iguana completely misses you.
You hit the iguana.
The iguana is almost dead.
The iguana closely misses you.
You closely miss the iguana.
The iguana is almost dead.
The iguana bites you!
* * * LOW HITPOINT WARNING * * *
You closely miss the iguana.
The iguana is almost dead.
You completely miss the iguana.
The iguana is almost dead.
The iguana bites you.
You die...

### ...
#.##########
##.#........#
...........##
#######.#.........#
.......<#..........
####..#.#..........
#..#@#..........
#..#l#....J.....
#..>g#.........#
+....##.........
#..........(....
+....#..........
###..#..<......#
#..#.........#
#..#.........#


You could see an iguana and a hobgoblin.

Vanquished Creatures
  Sigmund (D:2)
  2 adders
  An orc (D:3)
  2 ball pythons
  9 endoplasms
  2 giant cockroaches (D:1)
  4 goblins
  2 hobgoblins
  2 jackals (D:2)
  5 bats
  2 frilled lizards (D:1)
  5 rats
37 creatures vanquished.

Notes
Turn   | Place    | Note
-------+----------+-------------------------------------------
     0 | D:1      | NotreDorf the Merfolk Berserker began the quest for the
                  | Orb.
     0 | D:1      | Reached XP level 1. HP: 18/18 MP: 1/1
   180 | D:1      | Reached XP level 2. HP: 24/24 MP: 2/2
   675 | D:2      | Found Qirgh's Armour Boutique.
   757 | D:2      | Found a faded altar of an unknown god.
   772 | D:2      | Reached XP level 3. HP: 28/30 MP: 3/3
   821 | D:2      | Noticed Sigmund
   836 | D:2      | Killed Sigmund
   837 | D:2      | Reached skill level 5 in Polearms
   837 | D:2      | Reached XP level 4. HP: 19/38 MP: 4/4
   837 | D:2      | Reached XP level 5. HP: 22/43 MP: 5/5
  1183 | D:3      | Reached skill level 5 in Dodging
  1393 | D:3      | Found a shimmering altar of Xom.
  1394 | D:3      | Found a shimmering altar of Xom.
  1396 | D:3      | Found a shimmering altar of Xom.
  1396 | D:3      | Found a shimmering altar of Xom.
  1398 | D:3      | Found a shimmering altar of Xom.
  1423 | D:3      | Reached ** piety under Trog
  1505 | D:3      | Reached XP level 6. HP: 50/50 MP: 6/6
  1531 | D:3      | Found a glowing silver altar of Zin.
  1757 | D:4      | Slain by an iguana

Illustrated notes

Levels and vault maps discovered:
D:1:      spicycebolla_green_bress_n_ham, layout_loops_cross
D:2:      layout_rooms, serial_shops, shop,
          hellmonk_ecumenical_altar_arch_garden, uniq_sigmund
D:3:      layout_rooms, xom_redecorated, mainiacjoe_overflow_alcove_1,
          kennysheep_big_empty_room
D:4:      layout_basic, mainiacjoe_overflow_paths

Skill      XL: |  1  2  3  4  5 |
---------------+----------------+-----
Dodging        | 3 4 5 |  5.1
Fighting       | 4 |  4.8
Polearms       | 5 |  5.9
Armour         | |  1.3

Action                     |  1- 3 |  4- 6 || total
---------------------------+-------+-------++-------
  Melee: Spear             |    67 |    61 ||   128
         Punch             |       |     1 ||     1
 Invoke: Berserk           |     1 |       ||     1
   Stab: Sleeping          |     2 |     1 ||     3
 Armour: Animal skin       |     1 |       ||     1
         Leather armour    |     7 |       ||     7
         Robe              |       |     5 ||     5
  Dodge: Dodged            |    27 |    25 ||    52
